 Dungeon Crawl Stone Soup version 0.31.0-12-g77e489cdc1 (webtiles) character file.

Game seed: 5510935125833836088

3964 Baz the Carver (level 10, -1/181 HPs)
             Began as a Minotaur Fighter on Feb 23, 2024.
             Was a High Priest of Hepliaklqana.
             Killed from afar by a juvenile oxshock beast (15 damage)
             ... with a living lightning
             ... on level 8 of the Dungeon.
             The game lasted 00:09:40 (6711 turns).

Baz the Carver (Minotaur Fighter)                   Turns: 6711, Time: 00:09:40

Health: -1/181     AC: 25    Str: 24    XL:     10   Next: 2%
Magic:  12/12      EV:  2    Int:  5    God:    Hepliaklqana [*****.]
Gold:   186        SH:  6    Dex: 11    Spells: 9/9 levels left

rFire   . . .        a - +0 long sword
rCold   . . .        c - +0 buckler
rNeg    . . .        b - melded +0 scale mail
rPois   +            (helmet currently unavailable)
rElec   .            (cloak currently unavailable)
rCorr   .            C - melded +1 pair of gloves
SInv    .            l - melded +0 pair of boots
Will    .....        q - amulet of faith Stlth
                     (no ring)
HPRegen 0.50/turn    (no ring)
MPRegen 0.13/turn

%: faith
@: berserking, tree-form, attractive, very quick
A: stationary, stasis, torment immunity, boosted hp, reduced essence, (horns 2),
(retaliatory headbutt)
a: Renounce Religion, Recall Ancestor, Ancestor Identity, Transference, Idealise


You were on level 8 of the Dungeon.
You worshipped Hepliaklqana.
Hepliaklqana was extremely pleased with you.
You were a tree.
You visited 1 branch of the dungeon, and saw 8 of its levels.

You collected 448 gold pieces.
You spent 262 gold pieces at shops.

Inventory:

Hand Weapons
 a - a +0 long sword (weapon)
 j - a +2 scimitar of protection
Armour
 b - a +0 scale mail (melded)
 c - a +0 buckler (worn)
 l - a +0 pair of boots (melded)
 C - a +1 pair of gloves (melded)
Jewellery
 q - an amulet of faith (around neck)
 u - a +6 ring of intelligence
 y - an amulet of regeneration
 A - a ring of magical power
Wands
 s - a wand of light (4)
 t - a wand of polymorph (14)
 D - a wand of flame (24)
Scrolls
 f - 5 scrolls of identify {unknown}
 g - 4 scrolls of vulnerability {unknown}
 i - 4 scrolls of teleportation {unknown}
 k - 2 scrolls of fog {unknown}
 m - 4 scrolls of immolation {unknown}
 n - a scroll of revelation {unknown}
 o - a scroll of enchant armour {unknown}
 w - a scroll of noise {unknown}
 x - 5 scrolls of enchant weapon {unknown}
 B - 2 scrolls of amnesia {unknown}
 E - a scroll of torment {unknown}
 F - 3 scrolls of poison {unknown}
 G - a scroll of blinking {unknown}
Potions
 d - a potion of might
 e - 5 potions of curing
 h - 3 potions of heal wounds
 p - a potion of lignification
 v - a potion of attraction


   Skills:
 + Level 8.6 Fighting
 * Level 9.5 Long Blades
 + Level 8.6 Armour
 + Level 8.6 Shields
 - Level 4.5 Invocations


You had 9 spell levels left.
You didn't know any spells.
Your spell library contained the following spells:

 Spells                   Type           Power      Damage    Failure   Level
 Apportation              Tloc           0%         N/A       52%         1
 Necrotise                Necr           0%         1d4       52%         1
 Sting                    Conj/Alch      0%         1d3       52%         1
 Summon Small Mammal      Summ           0%         N/A       52%         1
 Lesser Beckoning         Tloc           0%         N/A       67%         2
 Gell's Gravitas          Tloc           0%         N/A       88%         3
 Teleport Other           Tloc           0%         N/A       88%         3
 Tukima's Dance           Hex            0%         N/A       88%         3
 Passage of Golubria      Tloc           0%         N/A       99%         4
 Yara's Violent Unravell  Hex/Alch       0%         3d3       100%        5
 Dispersal                Tloc           0%         N/A       100%        6


Dungeon Overview and Level Annotations

Branches:
Dungeon (8/15)             Temple (0/1) D:6            Lair (0/5) D:8

Altars:
Hepliaklqana

Shops:
D:2 (   D:5 :(   D:6 [

Annotations:
D:5 2 transporters, riffraff's ghost, novice AtBe


Innate Abilities, Weirdness & Mutations

You are a tree.
Your roots penetrate the ground, keeping you stationary.
You cannot be teleported.
You are immune to unholy pain and torment.
Your maximum health is greatly increased.
Your equipment is partially melded.
Your life essence is reduced to manifest your ancestor. (-10% HP)
((You have a pair of horns on your head.))
((You reflexively headbutt those who attack you in melee.))


Message History

The larval weirdbat beast hits you.
* * * LOW HITPOINT WARNING * * *
The larval weirdbat beast constricts you.
The orc hits you but does no damage.
The larval stingshock beast stings you from afar.
* * * LOW HITPOINT WARNING * * *
The juvenile oxshock beast hits you but does no damage.
The juvenile oxshock beast tramples you but does no damage.
The larval weirdbat beast hits you but does no damage.
The larval weirdbat beast constricts you.
It was a potion of attraction.
You feel attractive to monsters.
The larval batox beast hits you but does no damage.
You block the larval batox beast's attack.
You block the larval weirdbat beast's attack.
The larval weirdbat beast constricts you.
The orc hits you with a +0 hand axe.
* * * LOW HITPOINT WARNING * * *
The larval stingshock beast bursts into living lightning!
The living lightning hits you!!
* * * LOW HITPOINT WARNING * * *
The larval stingshock beast blinks! x2
The juvenile oxshock beast hits you but does no damage.
The juvenile oxshock beast tramples you but does no damage.
The larval weirdbat beast loses its grip on you.
The larval shockweird beast is attracted toward you.
Unknown command.
Unknown command.
It was a potion of berserk rage.
A red film seems to cover your vision as you go berserk!
You feel yourself moving faster!
You feel mighty! The larval batox beast hits you.
* * * LOW HITPOINT WARNING * * *
You block the larval batox beast's attack.
You block the orc's attack. The larval stingshock beast hits you.
* * * LOW HITPOINT WARNING * * *
The larval stingshock beast stings you but does no damage.
The juvenile oxshock beast bursts into living lightning!
The living lightning hits you!
You die...

.... #.... .....
#.§... ##......
###..H!... .###
#..§..# ####....#
##..H## #..##....#..
#..Ho♣#####<.##....##.
#...H#H.§....##....# #
#...##H............###
#######.####........#.
##..####..........
##.....##..........
#.......#..........
#............#<....
#...........#......


You could see 5 mutant beasts and an orc.

Vanquished Creatures
  Eustachio (D:5)
  An orc warrior (D:7)
  A sky beast (D:7)
  A black bear (D:6)
  2 ice beasts
  A centaur (D:8)
  3 ogres
  A phantom (D:5)
  A kobold brigand (D:7)
  A bullfrog (D:7)
  A howler monkey (D:5)
  3 hounds
  3 bombardier beetles
  A gnoll bouda (D:7)
  2 orc priests (D:6)
  3 orc wizards
  3 iguanas (D:5)
  2 sleepcaps
  6 gnolls
  8 adders
  2 white imps
  3 dart slugs
  A ribbon worm (D:2)
  17 orcs
  3 endoplasms
  5 giant cockroaches
  2 goblins
  4 hobgoblins
  2 jackals (D:2)
  2 quokkas
  A ball python (D:4)
  3 bats
  2 frilled lizards
  9 kobolds
  2 rats
103 creatures vanquished.

Vanquished Creatures (collateral kills)
  Sigmund (D:3)
  2 black bears
  An orc warrior (D:7)
  A sky beast (D:4)
  An ogre (D:5)
  2 centaurs (D:7)
  A phantom (D:4)
  A kobold brigand (D:7)
  5 bullfrogs
  A gnoll sergeant (D:3)
  3 scorpions
  A howler monkey (D:5)
  3 bombardier beetles
  2 orc priests (D:7)
  2 sleepcaps
  3 hounds
  An orc wizard (D:6)
  6 gnolls
  6 adders
  A shadow imp (D:7)
  3 white imps
  A ribbon worm (D:4)
  22 orcs
  4 ball pythons
  4 endoplasms
  4 giant cockroaches
  A goblin (D:3)
  4 hobgoblins
  2 jackals (D:2)
  9 kobolds
  2 quokkas
  A bat (D:3)
101 creatures vanquished.

Vanquished Creatures (others)
  An orc wizard (D:7)
  An ancestor (D:2)
  2 battlemagi
4 creatures vanquished.

Grand Total: 208 creatures vanquished

Notes
Turn   | Place    | Note
-------+----------+-------------------------------------------
     0 | D:1      | Baz the Minotaur Fighter began the quest for the Orb.
     0 | D:1      | Reached XP level 1. HP: 19/19 MP: 0/0
   115 | D:1      | Found a faded altar of an unknown god.
   140 | D:1      | Prayed at the altar of an unknown god.
   140 | D:1      | Became a worshipper of Hepliaklqana the Forgotten
   140 | D:1      | Reached * piety under Hepliaklqana
   228 | D:1      | Reached XP level 2. HP: 22/24 MP: 1/1
  1161 | D:2      | Reached skill level 3 in Long Blades
  1161 | D:2      | Reached XP level 3. HP: 29/29 MP: 2/2
  1297 | D:2      | Found Ezoclawazu's Antique Weapon Shoppe.
  1297 | D:2      | Reached ** piety under Hepliaklqana
  1298 | D:2      | Remembered your ancestor Msizi as a battlemage
  1570 | D:3      | Noticed a gnoll sergeant
  1663 | D:3      | Reached XP level 4. HP: 33/36 MP: 3/3
  1691 | D:3      | Killed a gnoll sergeant
  1692 | D:3      | Reached skill level 1 in Invocations
  1692 | D:3      | Reached XP level 5. HP: 22/42 MP: 4/4
  2029 | D:3      | Noticed a black bear
  2030 | D:3      | Noticed Sigmund
  2034 | D:3      | Killed Sigmund
  2035 | D:3      | Reached skill level 5 in Fighting
  2035 | D:3      | Reached skill level 4 in Long Blades
  2035 | D:3      | Reached skill level 5 in Armour
  2035 | D:3      | Reached skill level 5 in Shields
  2035 | D:3      | Reached XP level 6. HP: 42/50 MP: 6/6
  2641 | D:4      | Reached XP level 7. HP: 52/54 MP: 7/7
  2962 | D:4      | Reached skill level 5 in Long Blades
  3212 | D:4      | Reached *** piety under Hepliaklqana
  3614 | D:5      | Entered Level 5 of the Dungeon
  3634 | D:5      | Reached XP level 8. HP: 49/63 MP: 9/9
  3761 | D:5      | Noticed Eustachio
  3786 | D:5      | Killed Eustachio
  3840 | D:5      | Found a transporter.
  3850 | D:5      | Noticed riffraff's ghost (novice AtBe)
  3860 | D:5      | Reached skill level 6 in Long Blades
  4227 | D:5      | Found a transporter.
  4332 | D:5      | Found Osong's Weapon Shop.
  4617 | D:5      | Found Goag Bet's Tiny Tomes.
  4983 | D:6      | Reached XP level 9. HP: 67/69 MP: 11/11
  4988 | D:6      | Reached skill level 7 in Long Blades
  5182 | D:6      | Found Dihote's Antique Armour Shoppe.
  5188 | D:6      | Bought a pair of glowing gloves for 262 gold pieces
  5205 | D:6      | Found a staircase to the Ecumenical Temple.
  5566 | D:7      | Reached **** piety under Hepliaklqana
  5597 | D:7      | Reached skill level 8 in Long Blades
  6195 | D:7      | Reached skill level 9 in Long Blades
  6594 | D:8      | Found a staircase to the Lair.
  6632 | D:8      | Reached XP level 10. HP: 73/81 MP: 12/12
  6670 | D:8      | Identified the +1 scimitar "Onnechimui" {venom, rPois rC+}
  6683 | D:8      | Reached ***** piety under Hepliaklqana
  6684 | D:8      | Noticed a juvenile oxshock beast
  6711 | D:8      | Killed from afar by a juvenile oxshock beast

Illustrated notes

Levels and vault maps discovered:
D:1:      dpeg_arrival_rooms_a, layout_loops_ring,
          ebering_ecumenical_altar_petrified
D:2:      layout_basic, serial_shops, shop, dreamdust_princess_bridge
D:3:      layout_loops_ring, minmay_misc_feat_cross, uniq_sigmund
D:4:      layout_gridville
D:5:      minmay_recursive_quarters, layout_rooms, gammafunk_ghost_mausoleum,
          serial_shops, shop, nicolae_shop_i_like_small_books_too,
          uniq_eustachio
D:6:      layout_loops_cross, minmay_temple_entry_glassed_door, serial_shops,
          shop
D:7:      layout_basic, grunt_potential
D:8:      layout_cave_pools, lair_entry_dummy, nicolae_beast_mode

Skill      XL: |  1  2  3  4  5  6  7  8  9 |
---------------+----------------------------+-----
Shields        | 4 5 6 7 8 |  8.6
Armour         | 4 5 6 7 8 |  8.6
Fighting       | 4 5 6 7 8 |  8.6
Long Blades    | 3 4 5 6 9 |  9.5
Invocations    | 1 2 3 4 |  4.5

Action                     |  1- 3 |  4- 6 |  7- 9 | 10-12 || total
---------------------------+-------+-------+-------+-------++-------
  Melee: Long sword        |    54 |    34 |   240 |    12 ||   340
         Headbutt          |     6 |     4 |    58 |     1 ||    69
 Invoke: Ancestor Identity |     1 |       |       |       ||     1
         Ancestor Life: Ba |     1 |       |       |       ||     1
    Use: Potion            |       |       |       |     7 ||     7
   Stab: Distracted        |       |       |     1 |       ||     1
 Armour: Scale mail        |    47 |    31 |   218 |    22 ||   318
         Skin              |       |       |       |   118 ||   118
  Dodge: Dodged            |    37 |    17 |   123 |    12 ||   189
  Block: Buckler           |    17 |     7 |    71 |    22 ||   117
